Cogmind - Beta 15 *** ADVENTURER MODE // 2025.06.11 @ 10:13:55 Player: saltjakecity Result: Destroyed by S-10 Pest with Light Assault Rifle Performance ------------- Evolutions (0) 0 Regions Visited (1) 200 Robots Destroyed (27) 135 Value Destroyed (430) 430 Prototype IDs (0) 0 Alien Tech Used (0) 0 Bonus (0) 0 TOTAL SCORE: 765 Bonus ------- None Cogmind --------- Core Integrity 0/250 Matter 147/300 Energy 100/100 System Corruption 0% Temperature Danger (433) Movement Core (350) Ox6 Location -10/Materials Parts ------- > --- POWER (1) -------- (None) > --- PROPULSION (2) --- (None) > --- UTILITY (2) ------ Large Storage Unit > --- WEAPON (2) ------- (None) > --- INVENTORY (15) --- Ion Engine Light Treads Wheel Wheel Small Storage Unit Medium Storage Unit Large Storage Unit Medium Matter Pod (100) Structural Scanner Terrain Scanner Backup Plating III Backup Plating III Beam Cannon Welding Torch Peak State ------------ > --- POWER ------------ Light Ion Engine > --- PROPULSION ------- Aluminum Leg Aluminum Leg > --- UTILITY ---------- Backup Plating III Backup Plating III > --- WEAPON ----------- Assault Rifle Grenade Launcher > --- INVENTORY -------- Light Ion Engine Medium Laser Assault Rifle [Rating: 11] Favorites ----------- Power Light Ion Engine Engine Light Ion Engine Propulsion Aluminum Leg Leg Aluminum Leg Wheel Wheel Hover Unit Hover Unit Utility Backup Plating III Storage Large Storage Unit Protection Backup Plating III Weapon Beam Cannon Energy Gun Medium Laser Energy Cannon Beam Cannon Ballistic Gun Assault Rifle Launcher Grenade Launcher Build | -11 -10 ------- Run | Yrd Mat Slots Evolved . | . . Power . | . . Propulsion . | . . Utility . | . . Weapon . | . . Parts Attached 18 | 7 11 Power 3 | 1 2 Engine 3 | 1 2 Core . | . . Reactor . | . . Propulsion 6 | 4 2 Treads . | . . Leg 3 | 2 1 Wheel 2 | 2 . Hover 1 | . 1 Flight . | . . Utility 2 | . 2 Device . | . . Storage 2 | . 2 Processor . | . . Hackware . | . . Protection . | . . Artifact . | . . Weapon 7 | 2 5 Energy Gun 1 | 1 . Energy Cannon 3 | . 3 Ballistic Gun 2 | 1 1 Ballistic Cannon . | . . Launcher 1 | . 1 Special Weapon . | . . Impact Weapon . | . . Slashing Weapon . | . . Piercing Weapon . | . . Special Melee Weapon . | . . Unidentified Prototypes . | . . Parts Lost 7 | . 7 Power 1 | . 1 Propulsion 2 | . 2 Utility 1 | . 1 Weapon 3 | . 3 Highest Loss Streak 7 | . 7 To Critical Strikes . | . . Average Backups 9 | 2 11 Power . | . 1 Propulsion 2 | 1 2 Utility 4 | . 5 Weapon 1 | . 2 Tool/Special . | . . Unused Backups 11 | . 11 Power . | . . Propulsion 4 | . 4 Utility 6 | . 6 Weapon . | . . Tool/Special 1 | . 1 Average Slot Usage (%) 94 | . 94 Engine 13 | . 13 Leg 26 | . 26 Storage 13 | . 13 Protection 11 | . 11 Energy Cannon 22 | . 22 Ballistic Gun 3 | . 3 Launcher 1 | . 1 Peak Build Rating 11 | 5 11 Average Rating 8 | 3 9 On Entrance 2 | . 5 Naked Turns . | . . Heaviest Build 33 | 7 33 Greatest Support 20 | 20 20 Greatest Overweight (x) 8 | . 8 Average Overweight (x) . | . . Largest Inventory Capacity 15 | 5 15 Average Capacity 11 | 5 12 Most Carried 15 | 5 15 Average Carried 9 | 2 11 Final Capacity 15 | 5 15 Final Carried 14 | 5 14 Class Distribution -------------------- 100% | Mutant Dominant Class ---------------- Mutant | -10/Materials Resources | -11 -10 ----------- Run | Yrd Mat Matter Collected 661 | 257 404 Remotely . | . . Salvage Created 777 | 126 651 Parts 45 | 12 33 Haulers Intercepted . | . . Recyclers Shooed 1 | . 1 Parts Field Recycled . | . . Retrieved Matter . | . . Parts Self-Destructed . | . . Prevented . | . . Kills | -11 -10 ------- Run | Yrd Mat Combat Hostiles Destroyed 12 | 1 11 Guns 5 | 1 4 Cannons 5 | . 5 AOE 2 | . 2 Classes Destroyed 8 | 3 5 Worker 5 | 1 4 Builder 2 | . 2 Tunneler 4 | 3 1 Recycler 2 | . 2 Mechanic 1 | . 1 Watcher 1 | . 1 Swarmer 3 | . 3 Grunt 9 | 1 8 Best Kill Streak 5 | 5 4 Combat Bots Only 3 | 1 3 Max Kills in Single Turn 2 | 1 2 Gunslinging . | . . Exploded 1 | . 1 Melee . | . . Uniques/NPCs Destroyed . | . . Combat | -11 -10 -------- Run | Yrd Mat Hostile Shots Fired 127 | 4 123 Missed 27 | 2 25 Hits 100 | 2 98 Projectile 100 | 2 98 Critical Strikes 3 | . 3 Damage Taken 933 | 16 917 Core 254 | 8 246 Absorbed by Shields . | . . Ignored by Resistances 282 | 5 277 Core Remaining (%) 96 | 96 . Volleys Fired 72 | 10 62 Largest 2 | 2 2 Hottest 120 | 70 120 Shots Fired 124 | 20 104 Gun 38 | 20 18 Cannon 78 | . 78 Launcher 8 | . 8 Special . | . . Kinetic 28 | 10 18 Thermal 88 | 10 78 Explosive 8 | . 8 Electromagnetic . | . . Robot Hit Streak 12 | 5 12 Robot Miss Streak 3 | 2 3 Penetration Max . | . . Secondary Targets . | . . Shots Hit Robots 75 | 11 64 Core Hits 32 | 6 26 Critical Kills . | . . Critical Parts Destroyed . | . . Critical Strikes 2 | 2 . Burn 2 | 2 . Melee Attacks . | . . Impact . | . . Slashing . | . . Piercing . | . . Sneak Attacks . | . . Combat Hostiles . | . . Follow-up Attacks . | . . Damage Inflicted 1289 | 136 1153 Guns 335 | 136 199 Cannons 741 | . 741 Explosions 210 | . 210 Melee . | . . Ramming 3 | . 3 Kinetic 248 | 49 199 Thermal 828 | 87 741 Explosive 210 | . 210 Electromagnetic . | . . Impact . | . . Slashing . | . . Piercing . | . . Highest Corruption . | . . Average Corruption . | . . Corruption Purged . | . . Corruption Blocked . | . . Overload Shots . | . . Overflow Damage 20 | . 20 Projectiles . | . . Explosions 20 | . 20 Melee . | . . Knockbacks . | . . Impact . | . . Kinetic . | . . Secondary . | . . Self-Inflicted Damage 20 | . 20 Shots 2 | . 2 Rammed . | . . Targets Rammed 2 | . 2 Kicked 2 | . 2 Crushed . | . . Highest Temperature 547 | 39 547 Average Temperature 168 | 16 190 Received Heat Transfer 525 | 12 513 Effects 21 | . 21 Shutdowns 1 | . 1 Interference 2 | . 2 Matter Decay 3 | . 3 Short Circuit 2 | . 2 Damage (minor) 6 | . 6 Damage (major) 6 | . 6 Damage (core) 1 | . 1 Siege Activations . | . . Martial Activations . | . . Shielding Activations . | . . Robots Disrupted . | . . Combat Hostiles . | . . Robots Corrupted . | . . Combat Hostiles . | . . Parts Fried . | . . Impact Corruptions . | . . Robots Melted . | . . Combat Hostiles . | . . Parts Melted 8 | 3 5 Heat Transferred 1961 | 407 1554 Parts Sabotaged . | . . Parts Stolen . | . . Parts Stripped . | . . Power Chain Reactions . | . . Alert | -11 -10 ------- Run | Yrd Mat Maximum Alert Level . | . . Low Security (%) 100 | 100 100 Level 1 . | . . Level 2 . | . . Level 3 . | . . Level 4 . | . . Level 5 . | . . High Security . | . . Max Security . | . . Peak Influence 134 | 25 134 Initial 8 | . 8 Average 33 | 4 39 Influence Increases 424 | 40 384 Destroy 0b10 Robot/C 240 | 20 220 Destroy 0b10 Robot/NC 75 | 20 55 Destroy Leader 42 | . 42 Successful Hack 18 | . 18 Disable Machine 9 | . 9 Destroy Structure 40 | . 40 Influence Decreases 419 | 25 394 Entered New Map 7 | . 7 Time Decay 352 | 25 327 Lost Part 60 | . 60 Squads Dispatched 3 | . 3 Investigation 3 | . 3 Extermination . | . . Reinforcement . | . . Assault . | . . Garrison . | . . Intercept . | . . Searches Triggered . | . . Construction Impeded . | . . Haulers Reinforced . | . . Active Scanning Responses . | . . Cargo Convoy Interrupts . | . . Stealth | -11 -10 --------- Run | Yrd Mat Distress Signals 1 | . 1 Communications Jammed . | . . Distress Signals . | . . Times Spotted 22 | 1 21 Peak Tracking Total 4 | 1 4 Tactical Retreats . | . . Traps | -11 -10 ------- Run | Yrd Mat Traps Triggered 1 | . 1 Indirectly . | . . Trap Hack Attempts . | . . Triggered . | . . Disarmed 7 | . 7 Reprogrammed . | . . Reused . | . . Traps Extracted . | . . Installed . | . . Triggered . | . . Machines | -11 -10 ---------- Run | Yrd Mat Machines Disabled 1 | . 1 Max in Single Turn 1 | . 1 Machines Repaired . | . . Machines Dismantled . | . . Machines Sabotaged . | . . Overloaded Fab Kills . | . . Hacking | -11 -10 --------- Run | Yrd Mat Machines Accessed 4 | . 4 Terminals 3 | . 3 Fabricators . | . . Repair Stations 1 | . 1 Recycling Units . | . . Scanalyzers . | . . Garrison Access . | . . Total Hacks 17 | . 17 Successful 9 | . 9 Failed 8 | . 8 Catastrophic . | . . Database Lockouts . | . . Manual . | . . Terminals 15 | . 15 Fabricators . | . . Repair Stations 2 | . 2 Recycling Units . | . . Scanalyzers . | . . Garrison Access . | . . Terminal Hacks 8 | . 8 Record 1 | . 1 Alert Level 2 | . 2 Locate Traps 1 | . 1 Disarm Traps 3 | . 3 Zone Layout 1 | . 1 Fabricator Hacks . | . . Repair Station Hacks 1 | . 1 Refit 1 | . 1 Recycling Unit Hacks . | . . Scanalyzer . | . . Garrison Access Hacks . | . . Unauthorized Hacks . | . . Terminals . | . . Fabricators . | . . Repair Stations . | . . Recycling Units . | . . Scanalyzers . | . . Garrison Access . | . . Data Cores Recovered . | . . Used . | . . Hacking Detections 4 | . 4 Full Trace Events 3 | . 3 Feedback Events . | . . Feedback Blocked . | . . Robot Schematics Acquired . | . . Robots Built . | . . Authchips . | . . Time . | . . Total Robot Build Rating . | . . Part Schematics Acquired . | . . Parts Built . | . . Authchips . | . . Time . | . . Total Part Build Rating . | . . Parts Repaired . | . . Time . | . . Parts Recycled . | . . Recycled Matter . | . . Retrieved Matter . | . . Retrieved Components . | . . Parts Scanalyzed . | . . Part Schematics Acquired . | . . Parts Damaged . | . . Bothacking | -11 -10 ------------ Run | Yrd Mat Used RIF Installer . | . . Robots Hacked . | . . Non-combat . | . . Combat . | . . Robot Hacks Applied . | . . Relay Couplers Released . | . . Fabnet Peak Effective % . | . . Robots Rewired . | . . Allies Hacked . | . . Hacks Repelled . | . . Allies | -11 -10 -------- Run | Yrd Mat Total Allies . | . . Largest Group . | . . Highest-Rated Group . | . . Highest-Rated Ally . | . . Total Orders . | . . Ally Attacks . | . . Total Damage . | . . Kills . | . . Allies Corrupted . | . . Allies Melted . | . . Intel | -11 -10 ------- Run | Yrd Mat Active Infowar (turns) . | . . Robot Analysis Total . | . . Derelict Logs Recovered . | . . Drone Launches . | . . Drone Recoveries . | . . Exploration | -11 -10 ------------- Run | Yrd Mat Turns Passed 1090 | 177 913 Spaces Moved 538 | 121 417 Core 35 | 33 2 Treads . | . . Legs 496 | 88 408 Wheels . | . . Hover 7 | . 7 Flight . | . . Fastest Speed 50 | 50 120 Average Speed 153 | 100 168 Slowest Speed 450 | 120 450 Overloaded Moves . | . . Propulsion Burnouts . | . . Robots Hopped . | . . Potential Cave-ins . | . . Cave-ins Triggered . | . . Exploration Rate (%) 34 | 9 59 Regions Visited 1 Branch Regions . Pre-discovered Areas . | . . Known Exits Taken . | . . Unknown Exits Taken 1 | 1 . Scrap Searched . | . . Spaces Dug . | . . Terrain Destroyed 40 | . 40 Melee . | . . Projectile . | . . AOE 40 | . 40 Terrain Rammed . | . . Walls Destroyed . | . . Machines Disabled . | . . Actions | -11 -10 --------- Run | Yrd Mat Total 677 | 152 525 Wait . | . . Move 537 | 120 417 Hop . | . . Pick Up 27 | 10 17 Fast Attach . | . . Attach 7 | 5 2 Detach 1 | . 1 Swap 21 | 7 14 Drop 10 | . 10 Fire 72 | 10 62 Melee . | . . Ram . | . . Kick 2 | . 2 Crush . | . . Escape Stasis . | . . Rewire . | . . Trap . | . . Miscellaneous . | . . Route ------- -11/Scrapyard -10/Materials (discovered 2 exits: [*Mat] / [*Sub]) History --------- Turn | Location | Event 2 | -11/Scrapyard | Met Revision 17 114 | -11/Scrapyard | Discovered new exit (range 8) 178 | -11/Scrapyard | Entered Materials 301 | -10/Materials | Build established: Mutant 722 | -10/Materials | Discovered new exit (range 10) 879 | -10/Materials | Discovered new exit (range 6) 1061 | -10/Materials | Core integrity fell below 50% 1086 | -10/Materials | Core integrity fell below 20% 1091 | -10/Materials | Destroyed by S-10 Pest with Light Assault Rifle Last Messages --------------- 01079_ G-47 Trooper heat damages Particle Gun. 01080_ G-47 Trooper heat short circuits Imp. Heat Sink. 01081_ Overheating: Beam Cannon damaged (-26). 01081_ Overheating: Hcp. Battery damaged (-5). 01082_ Critical hit (Burn: +37). 01084_ Overheating: Lrg. Storage Unit damaged (-130). 01084_ Overheating: Aluminum Leg damaged (-5). 01084_ Overheating: Broken Med. Laser damaged (-22). 01084_ Beam Cannon destroyed. 01085_ Overheating: Aluminum Leg damaged (-6). 01085_ Aluminum Leg destroyed. 01086_ Overheating: Core damaged (-30). 01086_ G-47 Trooper heat damages Particle Gun. 01086_ G-47 Trooper overheating. 01087_ Broken Med. Laser destroyed. 01087_ Critical hit (Burn: +37). 01088_ Overheating: Lrg. Storage Unit damaged (-114). 01089_ G-47 Trooper overheating. 01090_ Hcp. Battery destroyed. [Achievement: First Step to Greatness] Map ----- +----------------------------------------------------+ | ???????????????????????????????????? | | ???????????????????????????????????? | | ???????????????????????????????????? | | ???????????????????????????????????? | | ???????????????????????????????????? | | ???????????????????????????????????# | | ???????????????????????????????????# | | ???????????????????????????????????# | | ???????????????????????????????????# | | ???????????????????????????????????# | | ????????? ?????????????????????# | | ????????# #????????????????????# | | ????????# #????????????????????# | | ?? ?????# #????????????????????? | | ?? ???# +????????????????????? | | ??? ??# #????????????????????? | | ???? ??# #????????????????????? | | ???? ?# #????????????????????? | | ????? ?# #????????????????????? | | ?????? # #????????????????????? | | ??????? # #????????????????????? | | ????????/s #????????????????????? | | ????????#s #???????????????????? | | ????????#s #???????????????????? | | ???????## ##?????????????????? | | ???????# @ u #???###+###????????# | | ???????# ##### #######/## | | ???????# =% *% | | ???????+ " %|=g T | | ???????# [ !!%* | | ???????# ##### ######???# | | ???????# #???## ##????????# | | ???????############## #?????????+ | | ???????????????+ ####??????# | | ???????????????###### +??????#! | | ????????????????????# ####??????#! | | ??????????? ?????#####+####???????#! | | ?????????????????# #???????# | | ?????????????????# """ #???????#= | | ?????????????????# """"" #???????# | | ?????????????????# """"" #???????# | | ?????????????????# """"" #??###### | | ?????????????????# """ #??# | | ?????????????????# #### | | ?????????????????# + | | ?????????????????# #####+#### | | ?????????????????########## | | ??????????????????????????# """ """ | | ??????????????????????????# """ """ | | ??????????????????????????# """ """ | +----------------------------------------------------+ Best States ------------- Heat Dissipation 25 Energy Generation 10 Energy Capacity 375 Matter Stores 300 Matter Capacity 300 Sight Range 16 Terrain Scan Density 10 Armor Coverage 160 Resistance: KI 20 Resistance: TH 20 Resistance: EX 20 Resistance: EM 20 Resistance: I 20 Resistance: S 20 Resistance: P 20 Evasion (%) 55 Offensive Hacking 10 Item Schematics ----------------- None Robot Schematics ------------------ None Fabricated ------------ Nothing Repaired ---------- Nothing Alien Tech Used ----------------- None Achievements -------------- Crack Shot First Step to Greatness One Hack Too Far Challenges ------------ None Game ------ Seed ReactiveOpticalShotgun Manual? 0 Play Time 00:20:07 Cumulative 0.2 hours Start 2025.06.11 @ 09:56:35 End 2025.06.11 @ 10:13:55 Sessions 1 Manual Loads 0 Difficulty Adventurer Special Mode None Game No. 1 Rogue 0 Adventurer 1 Explorer 0 Win Type - Total 0 Types 0/0/0/0/0/0/0/0/0/0 Lore% 0 Gallery% 1 Achievement% 1 Wizard Run 0 Options --------- Layout 1 ASCII 0 Keyboard 0 Movement Mouse Keybinds 0 Fullscreen 2 Font 32/SmallcapsGlow Map View 38x17 Zoom Use 74% Tactical HUD 1 Map Filters NONE Filters NONE Steam 1 RUN: f1f556ce-3e32-4bb5-915d-1aa5ad62d2ff